[Event "Titled Tuesday Blitz December 27 Early 2022"]
[White "Sargissyan, Sargis"]
[Black "Graham, Nathaniel"]
[WhiteFideId "13303210"]
[BlackFideId "2007983"]
[WhiteElo "2234"]
[BlackElo "2262"]
[Result "1-0"]
[Round "11"]
[TimeControl "180+2"]
[Date "2022.12.27"]
[WhiteClock "0:00:03"]
[BlackClock "0:00:05"]

1. e4 c5 2. Nf3 e6 3. d4 cxd4 4. Nxd4 Nf6 5. Nc3 Nc6 6. Ndb5 d6 7. Bf4 e5 8. Bg5 a6 9. Na3 Be6 10. Bxf6 Qxf6 11. Nc4 Qd8 12. a4 Be7 13. Ne3 O-O 14. Bc4 Rc8 15. O-O Bg5 16. Ncd5 Ne7 17. Nxe7+ Bxe7 18. Bd5 Qb6 19. b3 Bg5 20. Bxe6 fxe6 21. Nc4 Qd4 22. Qg4 h6 23. Rad1 Qc3 24. h4 Bf6 25. Qxe6+ Kh8 26. Nxd6 Rc6 27. Nf7+ Kh7 28. Nd6 Qxc2 29. h5 Kh8 30. Nf7+ Kh7 31. Qf5+ Kg8 32. Nd6 Rd8 33. Qe6+ Kh7 34. Qf5+ Kg8 35. Qe6+ Kh7 36. g3 1-0


[Site "https://www.chess.com"]

[Event "Titled Tuesday Blitz December 27 Early 2022"]
[White "Seletsky, Grigory"]
[Black "Manukian, Artak"]
[WhiteFideId "14112191"]
[BlackFideId "13301373"]
[WhiteElo "2259"]
[BlackElo "2196"]
[Result "1/2-1/2"]
[Round "11"]
[TimeControl "180+2"]
[Date "2022.12.27"]
[WhiteClock "0:01:12"]
[BlackClock "0:00:43"]

1. e4 c6 2. d4 d5 3. Nd2 dxe4 4. Nxe4 Nf6 5. Ng3 Bg4 6. Be2 Bxe2 7. N1xe2 e6 8. O-O Nbd7 9. c4 Bd6 10. Bf4 Bxf4 11. Nxf4 Nb6 12. b3 O-O 13. Qd3 Qc7 14. Qf3 Rad8 15. Rad1 e5 16. dxe5 Qxe5 17. Nfh5 Nxh5 18. Qxh5 Qxh5 19. Nxh5 g6 20. Nf6+ Kg7 21. Ne4 Rxd1 22. Rxd1 Re8 23. Nc3 Re7 24. Kf1 Rd7 25. Rxd7 Nxd7 26. Ke2 Kf6 27. Ke3 Ke5 28. f4+ Ke6 29. g4 b6 30. h3 h6 31. Kd4 c5+ 32. Ke4 f5+ 33. gxf5+ gxf5+ 34. Kf3 a6 35. Nd5 Kd6 36. Ne3 Ke6 37. Nd5 Kd6 38. Ne3 Ke6 39. Nd5 1/2-1/2


[Site "https://www.chess.com"]

[Event "Titled Tuesday Blitz December 27 Early 2022"]
[White "Shahaliyev, Ismayil"]
[Black "Sanchez, Robert"]
[WhiteFideId "13406388"]
[BlackFideId "2034360"]
[WhiteElo "2400"]
[BlackElo "1966"]
[Result "1-0"]
[Round "11"]
[TimeControl "180+2"]
[Date "2022.12.27"]
[WhiteClock "0:01:44"]
[BlackClock "0:01:26"]

1. d4 d5 2. c4 c6 3. Nc3 Nf6 4. e3 e6 5. Nf3 Be7 6. Bd2 O-O 7. Rc1 Nbd7 8. h3 h6 9. Bd3 dxc4 10. Bxc4 Nb6 11. Bb3 Nbd5 12. Qc2 Bd7 13. O-O a5 14. a3 Rc8 15. Na4 b6 16. e4 b5 17. Nc5 a4 18. Ba2 Nc7 19. e5 Nfd5 20. Bb1 g6 21. Bxh6 Re8 22. Rfe1 Ra8 23. Re4 Na6 24. Rg4 Nxc5 25. Rxg6+ Kh8 26. Rg8+ 1-0


[Site "https://www.chess.com"]

[Event "Titled Tuesday Blitz December 27 Early 2022"]
[White "Shipov, Sergei"]
[Black "Toropov, Pavel"]
[WhiteFideId "4113624"]
[BlackFideId "24129178"]
[WhiteElo "2541"]
[BlackElo "2336"]
[Result "1-0"]
[Round "11"]
[TimeControl "180+2"]
[Date "2022.12.27"]
[WhiteClock "0:00:21"]
[BlackClock "0:00:01"]

1. d4 d5 2. c4 c6 3. Nc3 Nf6 4. Nf3 dxc4 5. a4 Bf5 6. Nh4 Bc8 7. e3 e5 8. Bxc4 exd4 9. exd4 Be7 10. O-O O-O 11. Re1 Nbd7 12. Nf5 Bb4 13. Qf3 Nb6 14. Bb3 Bxf5 15. Qxf5 Qxd4 16. a5 Nbd5 17. Rd1 Qc5 18. Nxd5 Nxd5 19. Bxd5 cxd5 20. Rxd5 Qe7 21. Bg5 f6 22. Be3 Rfd8 23. h3 Bd6 24. Rad1 Be5 25. Rd7 Rxd7 26. Rxd7 Rd8 27. Rxd8+ Qxd8 28. Qe6+ Kh8 29. g4 Bxb2 30. Bxa7 h6 31. Bb6 Qb8 32. Kg2 Be5 33. Qf7 Qc8 34. Qd5 Kh7 35. Bc5 Qc7 36. Bb6 Qc8 37. Qe4+ Kh8 38. h4 Kg8 39. h5 Kh8 40. Be3 Qd7 41. Kf3 Kg8 42. Qc4+ Kh8 43. Ke2 Kh7 44. Qd3+ Qxd3+ 45. Kxd3 Kg8 46. Ke4 Kf7 47. Kd5 Bc7 48. Bd2 Ke7 49. Bb4+ Kf7 50. Bd2 Ke7 51. f4 Kd7 52. f5 Ke7 53. Bb4+ Kf7 54. Kc5 1-0


[Site "https://www.chess.com"]

[Event "Titled Tuesday Blitz December 27 Early 2022"]
[White "Shuvalov, Evgenij"]
[Black "Zemlyanskii, Ivan"]
[WhiteFideId "4187237"]
[BlackFideId "24249971"]
[WhiteElo "2038"]
[BlackElo "2300"]
[Result "0-1"]
[Round "11"]
[TimeControl "180+2"]
[Date "2022.12.27"]
[WhiteClock "0:00:10"]
[BlackClock "0:00:37"]

1. d4 d5 2. c4 c6 3. Nf3 Nf6 4. Nc3 dxc4 5. a4 Bf5 6. Ne5 Nbd7 7. Nxc4 Qc7 8. g3 e5 9. dxe5 Nxe5 10. Bf4 Nfd7 11. Bg2 g5 12. Ne3 gxf4 13. Nxf5 O-O-O 14. Qc2 Kb8 15. O-O fxg3 16. hxg3 h5 17. Rfc1 Bc5 18. Ne4 Bb4 19. a5 Bxa5 20. b4 Bxb4 21. Rcb1 Ba5 22. Nfd6 Bb6 23. e3 h4 24. g4 h3 25. Bh1 h2+ 26. Kf1 Nxg4 27. Nxf7 Rdf8 28. Nxh8 Nxe3+ 29. Ke2 Nxc2 30. Ra2 Nd4+ 31. Kf1 Rxh8 32. Rd2 Rg8 33. Ng3 Rxg3 34. fxg3 Qxg3 35. Bg2 Nf3 36. Rd3 Qf2# 0-1


[Site "https://www.chess.com"]

[Event "Titled Tuesday Blitz December 27 Early 2022"]
[White "Silva, Miguel Antonio Neto"]
[Black "De Souza, Cristiano Gomes"]
[WhiteFideId "1911929"]
[BlackFideId "2151758"]
[WhiteElo "2204"]
[BlackElo "2018"]
[Result "1/2-1/2"]
[Round "11"]
[TimeControl "180+2"]
[Date "2022.12.27"]
[WhiteClock "0:00:10"]
[BlackClock "0:00:18"]

1. d4 Nf6 2. Bf4 d6 3. e3 g6 4. Nf3 Nh5 5. Bg5 h6 6. Bh4 g5 7. Bg3 Bg7 8. c3 Nd7 9. Be2 e6 10. a4 Qe7 11. Nfd2 Nxg3 12. hxg3 Nf6 13. c4 b6 14. Nc3 Bb7 15. b4 Bxg2 16. Bf3 Bxf3 17. Qxf3 O-O 18. b5 e5 19. d5 Nd7 20. g4 Nc5 21. Nde4 Nxe4 22. Nxe4 a6 23. Ke2 Ra7 24. a5 axb5 25. axb6 Rxa1 26. Rxa1 cxb6 27. cxb5 Qc7 28. Kf1 Qd7 29. Rb1 f5 30. gxf5 Rxf5 31. Qe2 Rf7 32. Ke1 Qh3 33. Kd2 Qg2 34. Kd3 g4 35. Rc1 h5 36. Qf1 Qf3 37. Qe2 Qf5 38. Rc4 Ra7 39. Qc2 Ra3+ 40. Kd2 h4 41. Rc8+ Bf8 42. Rc7 Bg7 43. Rc8+ Bf8 44. Rc7 Bg7 45. Rc8+ 1/2-1/2


[Site "https://www.chess.com"]

[Event "Titled Tuesday Blitz December 27 Early 2022"]
[White "Skvortsov, Andrei"]
[Black "Moskvin, Anatoly"]
[WhiteFideId "24108600"]
[BlackFideId "24199990"]
[WhiteElo "2313"]
[BlackElo "2189"]
[Result "1-0"]
[Round "11"]
[TimeControl "180+2"]
[Date "2022.12.27"]
[WhiteClock "0:01:27"]
[BlackClock "0:00:06"]

1. d4 d5 2. c4 e5 3. Nc3 Bb4 4. dxe5 d4 5. a3 Ba5 6. b4 dxc3 7. Qxd8+ Kxd8 8. bxa5 Nc6 9. Bg5+ f6 10. O-O-O+ Ke7 11. exf6+ Nxf6 12. Bh4 Bf5 13. e4 Bg4 14. f3 Be6 15. Kc2 Rad8 16. Bd3 Kf7 17. Ne2 Nxa5 18. Kxc3 c5 19. e5 Rxd3+ 20. Rxd3 Nd7 21. f4 Nb6 22. Rhd1 Na4+ 23. Kd2 Nxc4+ 24. Ke1 Ncb2 25. Rd8 Rxd8 26. Rxd8 c4 27. Nd4 Bg4 28. h3 Be6 29. f5 Bxf5 30. Nxf5 c3 31. Nd4 Nd3+ 32. Ke2 Nxe5 33. Bg3 Nc4 34. Rd7+ Kf6 35. Rxb7 Nxa3 36. Rxa7 c2 37. Nxc2 Nc3+ 38. Kd3 Nab5 1-0


[Site "https://www.chess.com"]

[Event "Titled Tuesday Blitz December 27 Early 2022"]
[White "Slade, Theodore"]
[Black "Osinovsky, Stepan"]
[WhiteFideId "426547"]
[BlackFideId "4157354"]
[WhiteElo "1995"]
[BlackElo "2241"]
[Result "1-0"]
[Round "11"]
[TimeControl "180+2"]
[Date "2022.12.27"]
[WhiteClock "0:00:55"]
[BlackClock "0:00:01"]

1. d4 Nf6 2. c4 g6 3. Nc3 Bg7 4. e4 O-O 5. Nf3 d6 6. Be2 Nbd7 7. O-O e5 8. Be3 Re8 9. d5 Nc5 10. Qc2 a5 11. a3 a4 12. Bxc5 dxc5 13. Nxa4 Nxe4 14. Qxe4 Rxa4 15. Qe3 e4 16. Nd2 Bxb2 17. Nxe4 Bf5 18. Qb3 Bxa1 19. Qxa4 Rxe4 20. Bd3 Bd4 21. Bxe4 Bxe4 22. Re1 Bxf2+ 23. Kxf2 Qh4+ 24. Ke2 Bxg2 25. Qe8+ Kg7 26. Qe5+ Kh6 27. Qe3+ g5 28. Qxc5 Bf3+ 29. Kxf3 Qxe1 30. Qxc7 Qd1+ 31. Ke4 Qe2+ 32. Kd4 Qf2+ 33. Kc3 Qe3+ 34. Kb4 1-0


[Site "https://www.chess.com"]

[Event "Titled Tuesday Blitz December 27 Early 2022"]
[White "Sovetbekova, Nurai"]
[Black "Roque Sola, Jose Luis"]
[WhiteFideId "13801910"]
[BlackFideId "5120390"]
[WhiteElo "1764"]
[BlackElo "2217"]
[Result "0-1"]
[Round "11"]
[TimeControl "180+2"]
[Date "2022.12.27"]
[WhiteClock "0:00:18"]
[BlackClock "0:00:30"]

1. d4 Nf6 2. c4 g6 3. Nc3 d5 4. cxd5 Nxd5 5. Bd2 Bg7 6. e4 Nxc3 7. Bxc3 c5 8. Nf3 O-O 9. Be2 Nc6 10. d5 Nb8 11. Bxg7 Kxg7 12. O-O Bg4 13. Qc2 Bxf3 14. Bxf3 Nd7 15. Rfd1 Rc8 16. Be2 a6 17. a4 Qc7 18. Rac1 Rfd8 19. g3 Nf6 20. f4 Qa5 21. Bf3 b5 22. axb5 axb5 23. e5 Ne8 24. f5 c4 25. fxg6 hxg6 26. Qe4 Qb4 0-1


[Site "https://www.chess.com"]

[Event "Titled Tuesday Blitz December 27 Early 2022"]
[White "Sovetov, Oleksandr"]
[Black "Odegov, Artem"]
[WhiteFideId "34105786"]
[BlackFideId "34183644"]
[WhiteElo "1976"]
[BlackElo "2261"]
[Result "1-0"]
[Round "11"]
[TimeControl "180+2"]
[Date "2022.12.27"]
[WhiteClock "0:00:16"]
[BlackClock "0:00:04"]

1. Nf3 d5 2. e3 Nf6 3. c4 e6 4. b3 c5 5. cxd5 exd5 6. Bb2 Nc6 7. Be2 Be7 8. d4 O-O 9. O-O Bg4 10. dxc5 Bxc5 11. Nd4 Bxe2 12. Nxe2 Re8 13. Nbc3 a6 14. Rc1 Ba7 15. Na4 Ng4 16. h3 Nge5 17. Nc5 Qe7 18. Nd3 Ng6 19. Ndf4 Rad8 20. Nxg6 hxg6 21. Nd4 Ne5 22. Rc2 Qh4 23. Nf3 Nxf3+ 24. Qxf3 Rd7 25. Rd1 d4 26. Bxd4 Bxd4 27. Rcd2 Red8 28. Qg4 Qxg4 29. hxg4 Kf8 30. Rxd4 Rxd4 31. Rxd4 Rc8 32. g3 Ke7 33. g5 Rc5 34. f4 Rc1+ 35. Kf2 Rc2+ 36. Kf3 Rxa2 37. g4 Rb2 38. b4 Rb1 39. f5 gxf5 40. gxf5 f6 41. g6 Rf1+ 42. Ke4 b6 43. Rd2 Rc1 44. Kd5 Rc7 45. Ra2 Rd7+ 46. Ke4 Ra7 47. Kd5 a5 48. Kc6 1-0


[Site "https://www.chess.com"]

[Event "Titled Tuesday Blitz December 27 Early 2022"]
[White "Sreyas Payyappat"]
[Black "Ciuffoletti, Paolo"]
[WhiteFideId "46674969"]
[BlackFideId "807630"]
[WhiteElo "2076"]
[BlackElo "2106"]
[Result "1-0"]
[Round "11"]
[TimeControl "180+2"]
[Date "2022.12.27"]
[WhiteClock "0:00:11"]
[BlackClock "0:00:07"]

1. e4 c5 2. Nf3 Nc6 3. d4 cxd4 4. Nxd4 Nf6 5. Nc3 e5 6. Ndb5 d6 7. Bg5 a6 8. Na3 b5 9. Nd5 Be7 10. Bxf6 Bxf6 11. c4 b4 12. Nc2 a5 13. g3 O-O 14. Bg2 Be7 15. O-O Rb8 16. b3 Be6 17. f4 exf4 18. gxf4 f5 19. exf5 Bxf5 20. Nce3 Qd7 21. Nxf5 Rxf5 22. Bh3 Qa7+ 23. Kh1 Rff8 24. Qh5 Bf6 25. Be6+ Kh8 26. Bf5 g6 27. Bxg6 Bxa1 28. Rxa1 Rg8 29. f5 Ne5 30. Rg1 Rbf8 31. Rg3 Rg7 32. Nf4 Qf2 33. Ne6 Qf1+ 34. Rg1 Qf3+ 35. Qxf3 Nxf3 36. Rf1 Rf6 37. Nxg7 Kxg7 38. Rxf3 hxg6 39. Kg2 Rxf5 40. Rxf5 gxf5 41. Kf3 Kf6 42. Kf4 Kg6 43. h4 Kf6 44. h5 Ke6 45. h6 Kf6 46. h7 Kg7 47. Kxf5 Kxh7 48. Ke6 1-0


[Site "https://www.chess.com"]

[Event "Titled Tuesday Blitz December 27 Early 2022"]
[White "Starozhilov, Leonid"]
[Black "Galchenko, Matvey"]
[WhiteFideId "14106752"]
[BlackFideId "24175480"]
[WhiteElo "2313"]
[BlackElo "2438"]
[Result "0-1"]
[Round "11"]
[TimeControl "180+2"]
[Date "2022.12.27"]
[WhiteClock "0:00:29"]
[BlackClock "0:00:08"]

1. e4 e6 2. d4 d5 3. Nc3 Bb4 4. Ne2 Nc6 5. e5 f6 6. exf6 Nxf6 7. a3 Bd6 8. Bg5 O-O 9. Qd2 a6 10. Ng3 Qe8 11. Be2 Bd7 12. O-O h6 13. Bf4 Ne4 14. Ngxe4 Bxf4 15. Qd3 dxe4 16. Nxe4 Rd8 17. Bg4 Bc8 18. g3 Rxd4 19. Qe2 Qg6 20. f3 h5 21. Bh3 h4 22. Bg4 Ne5 23. c3 Nxg4 24. cxd4 Nh6 25. Kg2 Nf5 26. Rg1 hxg3 27. hxg3 Nxg3 28. Nxg3 Qxg3+ 29. Kf1 Qh3+ 30. Qg2 Qxg2+ 31. Kxg2 Bd7 32. Rge1 Rf6 33. Rad1 Bc6 0-1


[Site "https://www.chess.com"]

[Event "Titled Tuesday Blitz December 27 Early 2022"]
[White "Stead, Kerry"]
[Black "Troltenier, Dirk"]
[WhiteFideId "3202577"]
[BlackFideId "4606400"]
[WhiteElo "1908"]
[BlackElo "2234"]
[Result "0-1"]
[Round "11"]
[TimeControl "180+2"]
[Date "2022.12.27"]
[WhiteClock "0:00:25"]
[BlackClock "0:00:12"]

1. d4 d5 2. e4 dxe4 3. Nc3 Nf6 4. f3 Bf5 5. fxe4 Nxe4 6. Qf3 Nd6 7. Bf4 e6 8. O-O-O Nd7 9. g4 Bg6 10. h4 h6 11. h5 Bh7 12. d5 e5 13. Re1 Be7 14. Bxe5 Nxe5 15. Rxe5 O-O 16. Nh3 Re8 17. Bd3 Bxd3 18. Qxd3 Qd7 19. Nf2 Bg5+ 20. Rxg5 hxg5 21. h6 g6 22. h7+ Kg7 23. Qh3 Rh8 24. Qh6+ Kf6 25. Rf1 Ke7 26. Qg7 Raf8 27. Re1+ Kd8 28. Nd3 f6 29. Nc5 Qxg7 30. Ne6+ Kd7 31. Nxg7 Rxh7 32. Ne6 Rfh8 33. Kd2 Rh2+ 34. Kd3 b6 35. Nd1 Rh1 36. Rxh1 Rxh1 37. Ne3 Ke7 38. Nxc7 f5 39. gxf5 gxf5 40. Ne6 f4 41. Ng4 Rh3+ 42. Kd2 Rg3 43. Ne5 Ne4+ 44. Kd1 Kf6 45. Nd7+ Kf5 46. Nd4+ Kg4 47. Ne5+ Kh3 48. Nf5 g4 49. Nxg3 fxg3 50. Ng6 g2 51. Nf4+ Kg3 52. Nxg2 Kxg2 53. Ke2 Kh2 54. Ke3 Nd6 55. Kf4 g3 56. Ke5 Nc4+ 57. Ke6 g2 58. d6 Nxd6 59. Kxd6 g1=Q 60. Kc7 Qc5+ 61. Kb7 Qxc2 62. Kxa7 Qxb2 63. a4 Qa2 64. Kxb6 Qxa4 65. Kc5 Qa2 66. Kd4 Kg3 67. Ke5 Kg4 68. Kd6 Kg5 69. Kc5 Kf6 70. Kd4 Ke7 71. Ke4 Kd7 72. Ke5 Qa5+ 73. Kd4 Kd6 74. Ke4 Qd5+ 75. Kf4 Ke6 76. Ke3 Kf5 77. Kf2 Qd3 78. Kg2 Kf4 79. Kf2 Qd2+ 0-1


[Site "https://www.chess.com"]

[Event "Titled Tuesday Blitz December 27 Early 2022"]
[White "Stork, Oliver"]
[Black "Matveeva, Olga"]
[WhiteFideId "12955728"]
[BlackFideId "24107018"]
[WhiteElo "2342"]
[BlackElo "2128"]
[Result "1-0"]
[Round "11"]
[TimeControl "180+2"]
[Date "2022.12.27"]
[WhiteClock "0:02:10"]
[BlackClock "0:01:03"]

1. d4 Nf6 2. Nf3 e6 3. e3 d5 4. b3 c5 5. Bb2 Nc6 6. Bd3 Bd6 7. O-O O-O 8. a3 b6 9. Nbd2 Bb7 10. Qe2 Re8 11. Ne5 Bf8 12. f4 a6 13. Rf3 Ne7 14. Rh3 Ne4 15. Qh5 h6 16. Qxf7+ Kh8 17. dxc5 Nxd2 18. Rxh6+ 1-0


[Site "https://www.chess.com"]

[Event "Titled Tuesday Blitz December 27 Early 2022"]
[White "Tactrics"]
[Black "Kamsky, Gata"]
[BlackFideId "2000024"]
[WhiteElo "2976"]
[BlackElo "2665"]
[Result "0-1"]
[Round "11"]
[TimeControl "180+2"]
[Date "2022.12.27"]
[WhiteClock "0:00:04"]
[BlackClock "0:00:13"]

1. e4 g6 2. Nc3 Bg7 3. f4 c5 4. Nf3 Nc6 5. Bb5 Nd4 6. O-O e6 7. e5 Ne7 8. Nxd4 cxd4 9. Ne4 O-O 10. Bd3 b6 11. b3 Bb7 12. Ba3 Bxe4 13. Bxe4 Rc8 14. Bd6 Re8 15. Bb7 Rc7 16. Bxc7 Qxc7 17. Be4 d6 18. exd6 Qxd6 19. Qf3 Rc8 20. Kh1 h5 21. a4 a5 22. Rae1 Qb4 23. Bd3 Bf6 24. Bc4 Kg7 25. Re2 Qd6 26. g3 Nf5 27. Kg2 Rc5 28. Bd3 Ne7 29. Be4 Qc7 30. h3 Nf5 31. Rff2 d3 32. Qxd3 Nd4 33. Re1 Rxc2 34. Rb1 Qc5 35. g4 Ra2 36. Qe3 h4 37. Rff1 Qb4 38. Rfd1 Ra3 39. g5 Be7 40. Qc3 Bc5 41. Rdc1 Qxc3 42. Rxc3 Ra2 43. Rd3 Ne2 44. Kf3 Nd4+ 45. Kg4 Nf5 46. Bxf5 gxf5+ 47. Kf3 Rc2 48. Re1 Bb4 49. Re2 Rc1 50. Rd7 Kg6 51. Rb7 Bc5 52. Rd7 Rf1+ 53. Kg2 Rxf4 54. d4 Bxd4 55. Rc2 Bc5 56. Ra7 Rb4 57. Rd2 Rxb3 58. Rdd7 Rg3+ 59. Kh2 Kxg5 60. Rxf7 Kf4 61. Rh7 Ra3 62. Rxh4+ Kf3 63. Rg7 Ra2+ 64. Kh1 Ra1+ 65. Kh2 Bd6+ 66. Rg3+ Bxg3# 0-1


[Site "https://www.chess.com"]

[Event "Titled Tuesday Blitz December 27 Early 2022"]
[White "Tanenbaum, Zachary"]
[Black "Potapova, Margarita"]
[WhiteFideId "2060850"]
[BlackFideId "14126869"]
[WhiteElo "2261"]
[BlackElo "2104"]
[Result "1-0"]
[Round "11"]
[TimeControl "180+2"]
[Date "2022.12.27"]
[WhiteClock "0:00:14"]
[BlackClock "0:00:30"]

1. e4 c5 2. Nf3 d6 3. d4 cxd4 4. Nxd4 Nf6 5. Nc3 a6 6. Be3 e5 7. Nb3 Be6 8. h3 Be7 9. Qf3 O-O 10. O-O-O b5 11. g4 b4 12. Nd5 Nxd5 13. exd5 Bc8 14. h4 a5 15. Kb1 a4 16. Nc5 Nd7 17. Ne4 Ba6 18. Bxa6 Rxa6 19. g5 b3 20. cxb3 axb3 21. a3 Qa8 22. Qe2 Nb6 23. Bxb6 Rxb6 24. h5 Qa4 25. g6 f5 26. Nc3 Qa5 27. h6 hxg6 28. hxg7 Kxg7 29. Rdg1 Qa6 30. Qe3 Kf7 31. Rh7+ Ke8 32. Qh6 Rg8 33. Rh8 Rxh8 34. Qxh8+ Kd7 35. Rc1 Qd3+ 36. Ka1 Qd2 37. Rd1 Qc2 38. Qa8 Bd8 39. Qa7+ Bc7 40. Qa4+ Ke7 41. Rh1 Kf6 42. Qh4+ Kf7 43. Qh7+ Kf6 44. Qh8+ 1-0


[Site "https://www.chess.com"]

[Event "Titled Tuesday Blitz December 27 Early 2022"]
[White "Tarasova, Viktoriya"]
[Black "Bashirli, Saadat"]
[WhiteFideId "4175840"]
[BlackFideId "13429990"]
[WhiteElo "2226"]
[BlackElo "1571"]
[Result "0-1"]
[Round "11"]
[TimeControl "180+2"]
[Date "2022.12.27"]
[WhiteClock "0:01:15"]
[BlackClock "0:01:13"]

1. d4 d5 2. c4 e6 3. Nc3 c6 4. Nf3 dxc4 5. a4 Bb4 6. e4 b5 7. Be2 a5 8. O-O Bxc3 9. bxc3 Nf6 10. Qc2 O-O 11. Ne5 Bb7 12. f3 Nbd7 13. Rb1 Nxe5 14. dxe5 Nd7 15. Bf4 Ba6 16. Kh1 Rb8 17. Rfd1 Qc7 18. Qd2 Nc5 19. axb5 cxb5 20. Qd4 Rfd8 21. Qe3 Rxd1+ 22. Rxd1 b4 23. cxb4 axb4 24. Qf2 b3 25. Qg3 b2 26. Bh6 f6 27. Bf4 b1=Q 28. exf6 Qxd1+ 29. Bxd1 Qd7 0-1


[Site "https://www.chess.com"]

[Event "Titled Tuesday Blitz December 27 Early 2022"]
[White "Tarnowska, Aleksandra"]
[Black "Forgacs, Attila Jr."]
[WhiteFideId "1180967"]
[BlackFideId "773654"]
[WhiteElo "1835"]
[BlackElo "2264"]
[Result "1-0"]
[Round "11"]
[TimeControl "180+2"]
[Date "2022.12.27"]
[WhiteClock "0:00:05"]
[BlackClock "0:00:18"]

1. e4 e5 2. Nf3 Nc6 3. Bb5 a6 4. Ba4 Nf6 5. O-O Be7 6. Re1 b5 7. Bb3 O-O 8. d3 d6 9. h3 Na5 10. c3 Nxb3 11. Qxb3 Be6 12. Qc2 c5 13. Nbd2 Nh5 14. Nf1 Qd7 15. Ng3 Nxg3 16. fxg3 f5 17. Bg5 fxe4 18. dxe4 Bxh3 19. Bxe7 Qxe7 20. Rad1 Bg4 21. Qd3 Rad8 22. Rd2 Bxf3 23. gxf3 Qg5 24. Kg2 Rf6 25. Rh1 Rdf8 26. Qd5+ Kh8 27. Rf2 Qe3 28. Rhf1 Qg5 29. Rh1 Rg6 30. Rh3 c4 31. Qb7 Qe3 32. Qxa6 d5 33. Qxg6 h6 34. exd5 e4 35. Qxe4 Qc5 36. Rd2 Qd6 37. Qg4 Qf6 38. Rh1 Re8 39. Rf1 Qd6 40. Qd4 Qe7 41. Qe4 Qf7 42. Qf4 Qg6 43. d6 Rd8 44. d7 Qe6 45. Rfd1 Qc6 46. Qe4 Qf6 47. Qe8+ Kh7 48. Qe4+ Kh8 49. Rd6 Qg5 50. Re6 g6 51. Re8+ Kg7 52. Rxd8 Qxd8 53. Qe8 Qg5 54. d8=Q Qc5 55. Qdd7+ Kf6 56. Qed8+ Ke5 57. Rd5+ Qxd5 58. Qxd5# 1-0


[Site "https://www.chess.com"]

[Event "Titled Tuesday Blitz December 27 Early 2022"]
[White "Timofeev, Artyom"]
[Black "Tan, Zhongyi"]
[WhiteFideId "4140419"]
[BlackFideId "8603642"]
[WhiteElo "2567"]
[BlackElo "2517"]
[Result "1-0"]
[Round "11"]
[TimeControl "180+2"]
[Date "2022.12.27"]
[WhiteClock "0:00:58"]
[BlackClock "0:00:04"]

1. d4 d5 2. Nc3 Nf6 3. Bf4 a6 4. e3 e6 5. g4 c5 6. g5 Nfd7 7. Qd2 Nc6 8. O-O-O b5 9. Kb1 Bb7 10. Nf3 Be7 11. h4 c4 12. h5 Nb6 13. Bg2 b4 14. Ne2 c3 15. Qe1 Nc4 16. b3 Qa5 17. a4 Nb2 18. g6 Nxa4 19. bxa4 Qxa4 20. Rd3 Na5 21. gxf7+ Kxf7 22. Ne5+ Ke8 23. Nxc3 bxc3 24. Qxc3 Bd6 25. h6 Rb8 26. hxg7 Rg8 27. Rxh7 Bc8+ 28. Kc1 Bb4 29. Rh8 Bxc3 30. Rxg8+ Ke7 31. Rxc3 Qa1+ 32. Kd2 Rb1 33. Bg5+ Kd6 34. Rd8+ 1-0


[Site "https://www.chess.com"]

[Event "Titled Tuesday Blitz December 27 Early 2022"]
[White "Torres Dominguez, David"]
[Black "Andreev, Konstantin"]
[WhiteFideId "2220857"]
[BlackFideId "24239305"]
[WhiteElo "1994"]
[BlackElo "2195"]
[Result "1-0"]
[Round "11"]
[TimeControl "180+2"]
[Date "2022.12.27"]
[WhiteClock "0:00:40"]
[BlackClock "0:00:23"]

1. e4 c5 2. Nf3 e6 3. d4 cxd4 4. Nxd4 Nc6 5. Nxc6 bxc6 6. Bd3 d5 7. O-O Bd6 8. Nd2 Ne7 9. Re1 O-O 10. e5 Bc7 11. Nf3 h6 12. c4 c5 13. Bf4 Bb7 14. Rc1 dxc4 15. Bxc4 Nd5 16. Bg3 Qe7 17. Bd3 Rfd8 18. Qe2 Bb6 19. Bb1 Nb4 20. a3 Ba6 21. Qe4 Bd3 22. Qf4 Bxb1 23. axb4 Bh7 24. bxc5 Bxc5 25. Bh4 g5 26. Nxg5 hxg5 27. Bxg5 Qf8 28. Bh6 Qe7 29. Bg5 Qf8 30. Bxd8 Rxd8 31. Qg5+ Kh8 32. Rxc5 Rd4 33. Qf6+ Kg8 34. Rc3 Bg6 35. Rh3 Bh7 36. Rg3+ Bg6 37. Rxg6+ fxg6 38. Qxg6+ Kh8 39. Qxe6 Rf4 40. f3 Qc5+ 41. Kh1 Qf2 42. Qh6+ Kg8 43. Qg5+ Kh8 44. Rd1 Rd4 45. Qf6+ Kg8 46. Rg1 Rh4 47. Qg5+ Kh8 48. h3 Rc4 49. Rd1 1-0


[Site "https://www.chess.com"]

[Event "Titled Tuesday Blitz December 27 Early 2022"]
[White "Vargas, Mauricio"]
[Black "Araujo, Everson De Moura"]
[WhiteFideId "4404572"]
[BlackFideId "22737197"]
[WhiteElo "2035"]
[BlackElo "1944"]
[Result "0-1"]
[Round "11"]
[TimeControl "180+2"]
[Date "2022.12.27"]
[WhiteClock "0:00:01"]
[BlackClock "0:01:15"]

1. e4 e6 2. Nc3 d5 3. e5 c5 4. f4 Nc6 5. Nf3 d4 6. Ne4 b6 7. d3 Bb7 8. g3 Nh6 9. Bg2 Nf5 10. O-O h5 11. Qe1 Be7 12. a3 a5 13. Bd2 Qc7 14. Rb1 O-O 15. h3 a4 16. g4 hxg4 17. hxg4 Nh6 18. Qg3 Na5 19. Kf2 Bxe4 20. dxe4 Nc4 21. Bc1 f6 22. Rh1 fxe5 23. g5 exf4 24. Qh4 Ne5 25. Qh5 Neg4+ 26. Ke2 d3+ 0-1


[Site "https://www.chess.com"]

[Event "Titled Tuesday Blitz December 27 Early 2022"]
[White "Vasques, Antonio Pedro Freixial"]
[Black "Herman, Daniel"]
[WhiteFideId "1908332"]
[BlackFideId "30935008"]
[WhiteElo "2214"]
[BlackElo "1956"]
[Result "0-1"]
[Round "11"]
[TimeControl "180+2"]
[Date "2022.12.27"]
[WhiteClock "0:00:19"]
[BlackClock "0:00:45"]

1. d4 Nf6 2. Bg5 g6 3. Bxf6 exf6 4. e3 Bg7 5. Bd3 O-O 6. h4 f5 7. h5 c5 8. c3 Nc6 9. Ne2 d5 10. Nd2 Be6 11. dxc5 Ne5 12. Bc2 b6 13. cxb6 Qxb6 14. Nb3 Nc4 15. Rb1 f4 16. exf4 Rfe8 17. hxg6 hxg6 18. O-O Bg4 19. Bd3 Rad8 20. Qc2 Qf6 21. Nbd4 Bh6 22. f5 Kg7 23. Ng3 Bf4 24. Rbe1 Rh8 25. Re6 Qh4 26. Rfe1 Qh2+ 27. Kf1 Qh1+ 28. Nxh1 Rxh1# 0-1


[Site "https://www.chess.com"]

[Event "Titled Tuesday Blitz December 27 Early 2022"]
[White "Viskelis, Darius"]
[Black "Garcia Almaguer, Juan Manuel"]
[WhiteFideId "12800830"]
[BlackFideId "5110491"]
[WhiteElo "2166"]
[BlackElo "2090"]
[Result "1-0"]
[Round "11"]
[TimeControl "180+2"]
[Date "2022.12.27"]
[WhiteClock "0:00:12"]
[BlackClock "0:00:36"]

1. e4 e5 2. Nf3 Nc6 3. Bc4 Nf6 4. d3 h6 5. O-O d6 6. c3 g5 7. b4 g4 8. Ne1 h5 9. f4 gxf3 10. Qxf3 Be7 11. Bg5 Bg4 12. Qf2 Ng8 13. Qxf7+ Kd7 14. h3 Kc8 15. Bxe7 Ngxe7 16. hxg4 hxg4 17. Be6+ Kb8 18. Bxg4 a6 19. a4 Ka7 20. b5 Na5 21. bxa6 Kxa6 22. Na3 Nec6 23. Nb5 Qh4 24. Nxc7+ Ka7 25. Nxa8 Qxg4 26. Nc7 Qg3 27. Nb5+ Ka6 28. Nf3 Nd8 29. Qf6 Rg8 30. Qxd6+ Nac6 31. Rf2 Nf7 32. Qc5 Ng5 33. Nc7# 1-0


[Site "https://www.chess.com"]